 Dungeon Crawl Stone Soup version 0.19-a0-981-gaae9137 (webtiles) character file.

97 sefie the Slasher (level 5, -10/35 HPs)
             Began as a Halfling Fighter on July 14, 2016.
             Mangled by an ogre
             ... wielding a +0 giant club
              (21 damage)
             ... on level 4 of the Dungeon.
             The game lasted 00:05:41 (2864 turns).

sefie the Slasher (Halfling Fighter)                Turns: 2864, Time: 00:05:42

Health: -10/35     AC:  6    Str: 16    XL:     5   Next: 0%
Magic:  5/5        EV:  8    Int:  7    God:
Gold:   151        SH:  9    Dex: 15    Spells: 0 memorised, 4 levels left

rFire  . . .     SeeInvis .     a - +0 long sword
rCold  . . .     Gourm    .     b - +0 scale mail
rNeg   . . .     Faith    .     c - +0 shield
rPois  .         Spirit   .     (no helmet)
rElec  .         Dismiss  .     (no cloak)
rCorr  .         Reflect  .     (no gloves)
SustAt .         Harm     .     (no boots)
MR     .....                    (no amulet)
Stlth  ..........               (no ring)
                                (no ring)

@: not resistant to hostile enchantments, extremely unstealthy
A: mutation resistance 1
a: no special abilities


You were on level 4 of the Dungeon.
You were not hungry.

You visited 1 branch of the dungeon, and saw 4 of its levels.

You collected 151 gold pieces.

Inventory:

Hand Weapons
 a - a +0 long sword (weapon)
 s - a +0 falchion
Armour
 b - a +0 scale mail (worn)
 c - a +0 shield (worn)
Wands
 q - a wand of digging (11/24)
Scrolls
 e - a scroll of remove curse
 g - a scroll of teleportation
 k - a scroll of fear
 m - a scroll of identify {unknown}
 n - a scroll of enchant weapon {unknown}
 p - a scroll of random uselessness {unknown}
Potions
 d - 2 potions of might
 j - 3 potions of curing {unknown}
 l - 3 potions of cancellation {unknown}
 r - 2 potions of flight {unknown}
 t - a potion of degeneration {unknown}
Comestibles
 f - 2 bread rations
 h - 6 fruits
 i - 3 meat rations
 o - a slice of pizza
 u - 2 chunks of flesh


   Skills:
 - Level 2.6 Fighting
 + Level 4.7 Long Blades
 - Level 3.2 Armour
 - Level 3.2 Shields


You had 4 spell levels left.
You didn't know any spells.

Dungeon Overview and Level Annotations

Branches:
Dungeon (4/15)
 Temple: D:4-7

Altars:
Dithmenos

Portals:
Ossuary: D:4


Innate Abilities, Weirdness & Mutations

You are small and have problems with some larger weapons.
You are somewhat resistant to further mutation.


Message History

You block the ogre's attack.
You hit the ogre.
The ogre is lightly wounded.
You block the ogre's attack.
You hit the ogre.
The ogre is moderately wounded.
The ogre hits you with a giant club!
You closely miss the ogre.
The ogre is moderately wounded.
The ogre closely misses you.
You slash the ogre!
The ogre is heavily wounded.
You hit the ogre.
The ogre is heavily wounded.
The ogre hits you with a giant club!
You hit the ogre.
The ogre is severely wounded.
The ogre hits you with a giant club!!
Ouch! That really hurt!
You die...

..# ####### ..##
###...... %.. . .......
..# #.# #.#..##
..######.# #.#...#.#.
.........######.O.∩....#
.##.....!.......@...#
................#..##
.#....................
.#...............#####..
.#.########.######
.#.....# #.# .#####.#
#.# .# #.# #.# .#
#.####.#


You could see an ogre.

Vanquished Creatures
  2 adders
  An ooze (D:1)
  A worm (D:3)
  2 dart slugs (D:2)
  A giant gecko (D:1)
  5 orcs (D:3)
  2 giant cockroaches
  7 goblins
  8 hobgoblins
  2 jackals (D:3)
  11 kobolds
  3 quokkas
  A ball python (D:1)
  3 bats
  3 giant newts
  A quokka skeleton (D:4)
  4 rats
57 creatures vanquished.

Notes
Turn   | Place    | Note
-------+----------+-------------------------------------------
     0 | D:1      | sefie the Halfling Fighter began the quest for the Orb.
     0 | D:1      | Reached XP level 1. HP: 15/15 MP: 1/1
    58 | D:1      | Reached XP level 2. HP: 17/20 MP: 2/2
   395 | D:1      | Reached skill level 3 in Long Blades
   735 | D:1      | Reached XP level 3. HP: 25/25 MP: 3/3
  1090 | D:2      | Reached XP level 4. HP: 30/30 MP: 4/4
  1093 | D:2      | Reached skill level 4 in Long Blades
  2091 | D:3      | Found a shadowy altar of Dithmenos.
  2791 | D:4      | Reached XP level 5. HP: 35/35 MP: 5/5
  2852 | D:4      | Found a sand-covered staircase.
  2856 | D:4      | Noticed an ogre
  2864 | D:4      | Mangled by an ogre

Vault maps used:
D:1:      lemuel_arrival_lava_pool
D:3:      nicolae_dithmenos_shadow_blocks
D:4:      nicolae_ossuary_entry_ruins, gup_sewer_entry_pipe, eino_tiny_chamber

Skill      XL: |  1  2  3  4 |
---------------+-------------+-----
Long Blades    | 3 4 |  4.7
Fighting       | |  2.6
Armour         | |  3.2
Shields        | |  3.2

Action                   |  1- 3 |  4- 6 || total
-------------------------+-------+-------++-------
Melee: Long sword        |   106 |   102 ||   208
  Use: Scroll            |       |     3 ||     3
  Eat: Chunk             |     1 |     5 ||     6
Armor: Scale mail        |    37 |    28 ||    65
Dodge: Dodged            |    31 |    31 ||    62
Block: Shield            |    56 |    43 ||    99
